 Dungeon Crawl Stone Soup version 0.29-a0-233-g1125b37a9b (webtiles) character file.

Game seed: 4508445203816500862

16 n8rtot the Ruffian (level 2, -2/29 HPs)
             Began as a Troll Berserker on Mar 1, 2022.
             Was a Follower of Trog.
             Slain by an ogre
             ... wielding a +0 giant club
              (31 damage)
             ... on level 2 of the Dungeon.
             The game lasted 00:04:03 (727 turns).

n8rtot the Ruffian (Troll Berserker)                 Turns: 727, Time: 00:04:04

Health: -2/29      AC:  4    Str: 24    XL:     2   Next: 41%
Magic:  1/1        EV: 10    Int:  3    God:    Trog [*.....]
Gold:   78         SH:  0    Dex:  9    Spells: 1/1 levels left

rFire   . . .      SeeInvis .     - Unarmed
rCold   . . .      Faith    .   (no shield)
rNeg    . . .      Spirit   .   a - +0 animal skin
rPois   .          Reflect  .   (helmet restricted)
rElec   .          Harm     .   (no cloak)
rCorr   .          Rampage  .   (gloves unavailable)
Will    .....                   (boots unavailable)
Stlth   +.........              b - amulet of regeneration
HPRegen 1.69/turn               (no ring)
MPRegen 0.07/turn               (no ring)

@: no status effects
A: large, unfitting armour, claws 3, regeneration 1, shaggy fur 1, tough skin 1
a: Renounce Religion, Berserk


You were on level 2 of the Dungeon.
You worshipped Trog.
Trog was aware of your devotion.
You visited 1 branch of the dungeon, and saw 2 of its levels.

You collected 78 gold pieces.

Inventory:

Hand Weapons
 e - a +0 vorpal hunting sling
Armour
 a - a +0 animal skin (worn)
Jewellery
 b - an amulet of regeneration (around neck)
 m - a ring of protection from cold
 o - a ring of protection from cold
Scrolls
 c - a scroll of amnesia {unknown}
 d - a scroll of magic mapping {unknown}
 f - a scroll of silence {unknown}
 i - a scroll of noise {unknown}
 l - a scroll of fog {unknown}
Potions
 g - 2 potions of invisibility {unknown}
 h - a potion of curing {unknown}
 j - a potion of flight {unknown}
 k - a potion of brilliance {unknown}
 n - a potion of haste {unknown}


   Skills:
 - Level 2.4 Fighting
 + Level 2.8 Dodging
 + Level 3.4 Unarmed Combat


You had one spell level left.
You didn't know any spells.
Your spell library contained the following spells:

 Spells                   Type           Power      Damage    Failure   Level
 Stone Arrow              Conj/Erth      0%         3d7       88%         3
 Animate Armour           Summ/Erth      0%         N/A       99%         4
 Lehudib's Crystal Spear  Conj/Erth      0%         10d2      100%        8


Dungeon Overview and Level Annotations

Branches:
Dungeon (2/15)

Altars:


Innate Abilities, Weirdness & Mutations

You are too large for most types of armour.
You have claws for hands.
Your natural rate of healing is unusually fast.
You are covered in fur. (AC +1)
You have tough skin. (AC +1)


Message History

Found 3 gold pieces.
You claw the endoplasm!
You kill the endoplasm!
Trog accepts your kill.
Found 14 gold pieces.
o - a ring of protection from cold A rat comes into view.
Found 10 gold pieces.
You see here 14 gold pieces.
The rat barely misses you.
You claw the rat!
You kill the rat!
Trog accepts your kill.
You now have 65 gold pieces (gained 14).
You now have 68 gold pieces (gained 3).
You now have 78 gold pieces (gained 10).
Found a hunting sling.
Found a stone staircase leading down.
An ogre comes into view. It is wielding a +0 giant club.
Found a scroll labelled JOYCOL UNNEWK.
The ogre shouts!
You see here 10 gold pieces.
You see here 10 gold pieces.
You scratch the ogre.
The ogre is lightly wounded.
The ogre hits you with a +0 giant club!!
Ouch! That really hurt!
You claw the ogre!
The ogre is moderately wounded.
The ogre hits you with a +0 giant club!
Ouch! That really hurt!
You barely miss the ogre.
The ogre is moderately wounded.
The ogre hits you with a +0 giant club!
Ouch! That really hurt!
You see here a rat corpse.
You claw the ogre!
The ogre is heavily wounded.
The ogre hits you with a +0 giant club!!
Ouch! That really hurt!
You die...

........#.........##.#.........#
...######........###...........#
...# #######.#†### ###.(.......#
...# #.........# #.........#
...# #.........## #.........#
...# #..........# #..........
#### #........#.# #..........#
#........#O## #........#.@#
#........##..# #........###.#
#........# .# ########## .. ...
.... ....


You could see an ogre.

Vanquished Creatures
  A ball python (D:1)
  A bat (D:2)
  4 endoplasms
  A giant cockroach (D:1)
  A goblin (D:1)
  A frilled lizard (D:1)
  2 kobolds (D:1)
  4 rats
15 creatures vanquished.

Notes
Turn   | Place    | Note
-------+----------+-------------------------------------------
     0 | D:1      | n8rtot the Troll Berserker began the quest for the Orb.
     0 | D:1      | Reached XP level 1. HP: 22/22 MP: 0/0
   278 | D:1      | Reached XP level 2. HP: 29/29 MP: 1/1
   691 | D:2      | Noticed an ogre
   727 | D:2      | Slain by an ogre

Illustrated notes

Levels and vault maps discovered:
D:1:      minmay_arrival_radiant_lines, layout_basic
D:2:      layout_rooms

Action                   || total
-------------------------++-------
Melee: Unarmed           ||    27
Armor: Animal skin       ||     7
Dodge: Dodged            ||     8

Table legend: (Time is in decaauts)
 A = Elapsed time spent in this place.
 B = Non-inter-level travel time spent in this place.
 C = Inter-level travel time spent in this place.
 D = Time resting spent in this place.
 E = Time spent auto-exploring this place.
 F = Levels seen in this place.
 G = Mean time per level.
                   A        B        C        D        E       F      G
               +--------+--------+--------+--------+--------+-----+--------+
         Total |    725 |    725 |      0 |      0 |    371 |   2 |  362.5 |
       Dungeon |    725 |    725 |      0 |      0 |    371 |   2 |  362.5 |
               +--------+--------+--------+--------+--------+-----+--------+

Top non-repeatable levels by time:
     D:1: 544 daAuts
     D:2: 180 daAuts
